 Dungeon Crawl Stone Soup version 0.27-a0-1202-ge72e49191c (webtiles) character file.

Game seed: 8997615008081432285

473 robertstho the Magician (level 7, -2/46 HPs)
             Began as a Djinni Fire Elementalist on June 2, 2021.
             Was an Initiate of Gozag.
             Slain by an orc warrior
             ... wielding a +0 glaive
              (6 damage)
             ... on level 4 of the Dungeon.
             The game lasted 00:07:45 (5973 turns).

robertstho the Magician (Djinni Fire Elementalist)  Turns: 5973, Time: 00:07:46

Health: -2/46      AC:  3    Str:  4    XL:     7   Next: 32%
Gold:   179        EV: 13    Int: 26    God:    Gozag SH:  0 Dex: 13

rFire    + + .     SeeInvis .   h - +0 long sword
rCold    . . .     Faith    .   (no shield)
rNeg     . . .     Spirit   .   a - +0 robe
rPois    ∞         Reflect  .   (no helmet)
rElec    .         Harm     .   s - +0 cloak
rCorr    .         Rampage  .   (no gloves)
Will     .....                  (boots unavailable)
Stlth    +.........             (no amulet)
HPRegen  0.15/turn              q - ring "Joyss" {rC+ MP+9 Str-3 Int+7}
MPRegen  0.00/turn              (no ring)

@: confused, ambrosia-drunk, flying, very slightly contaminated, invisible
A: sickness immunity, fire resistance 2, cold vulnerability 1, float, innate
caster, hp casting, extra vitality 1
a: Renounce Religion, Potion Petition, Call Merchant, Bribe Branch


You were on level 4 of the Dungeon.
You worshipped Gozag.
Gozag was aware of your devotion.
You visited 2 branches of the dungeon, and saw 6 of its levels.

You collected 207 gold pieces.
You paid 28 gold pieces to Gozag.

Inventory:

Hand Weapons
 h - a +0 long sword (weapon)
 t - a +1 spear of flaming
Armour
 a - a +0 robe (worn)
 s - a +0 cloak (worn)
 u - a +0 kite shield
Jewellery
 q - the ring "Joyss" (left hand) {rC+ MP+9 Str-3 Int+7}
   (You found it on level 4 of the Dungeon)

   [ring of magical power]

   It affects your strength (-3).
   It affects your intelligence (+7).
   It protects you from cold.
   It affects your magic capacity (+9).
Wands
 r - a wand of mindburst (18)
Scrolls
 b - a scroll of enchant armour {unknown}
 c - a scroll of noise {unknown}
 d - 2 scrolls of fog
 e - a scroll of amnesia {unknown}
 i - a scroll of immolation {unknown}
 m - a scroll of enchant weapon
 o - a scroll of brand weapon
Potions
 j - 2 potions of curing {unknown}
 k - a potion of lignification {unknown}
 l - a potion of ambrosia
 n - a potion of invisibility
 p - a potion of flight


   Skills:
 + Level 0.8 Fighting
 + Level 3.1 Dodging
 + Level 3.0 Stealth
 + Level 5.2 Spellcasting


You couldn't memorise any spells.
You knew the following spells:

 Your Spells              Type           Power      Damage    Failure   Level
a - Foxfire               Conj/Fire      100%       2x1d9     1%          1
b - Conjure Flame         Conj/Fire      34%        6-21      2%          3
c - Inner Flame           Hex/Fire       34%        N/A       2%          3
d - Sticky Flame          Conj/Fire      34%        2d5       9%          4
e - Fireball              Conj/Fire      17%        3d9       24%         5
f - Shock                 Conj/Air       100%       1d9       1%          1
g - Poisonous Vapours     Pois/Air       68%        N/A       1%          2
h - Spider Form           Tmut/Pois      17%        N/A       2%          3
Your spell library was empty.

Dungeon Overview and Level Annotations

Branches:
Dungeon (5/15)             Temple (1/1) D:4

Altars:
Ashenzari
Cheibriados
Dithmenos
Elyvilon
Fedhas
Gozag
Hepliaklqana
Makhleb
Nemelex Xobeh
Okawaru
Qazlal
Ru
Sif Muna
Trog
Uskayaw
Vehumet
Wu Jian
Xom
Yredelemnul
Zin
The Shining One

Shops:
D:3 *


Innate Abilities, Weirdness & Mutations

You are immune to sickness and miasma.
You are immune to poison.
Your flesh is very heat resistant. (rF++)
You are vulnerable to cold. (rC-)
You float through the air rather than walking.
You learn spells naturally, not from books.
Your magical power is your life essence.
You have superior vitality. (+4 HP)


Message History

The orc warrior hits you with a +0 glaive!!
Ouch! That really hurt!
The orc barely misses you.
You fly upwards.
There is a stone staircase leading down here.
Unknown command.
Okay, then.
Okay, then.
Casting: Foxfire (safe; 1% risk of failure)
Confirm with . or Enter, or press ? or * to list all spells.
Okay, then.
It was a potion of flight.
You feel more buoyant.
The orc warrior hits you with a +0 glaive.
The orc barely misses you. x2
It was a potion of invisibility.
You fade into invisibility!
The orc warrior hits you with a +0 glaive.
The orc closely misses you.
You riposte.
You hit the orc but do no damage. The orc closely misses you.
You are very lightly contaminated with residual magic.
Casting: Foxfire (safe; 1% risk of failure)
Confirm with . or Enter, or press ? or * to list all spells.
The spell is quite dangerous to cast (9% risk of failure)!
Continue anyway?
Aiming: Sticky Flame (quite dangerous; 9% risk of failure)
Press: ? - help, Shift-Dir - straight line, f - orc warrior
Aim: an orc warrior, wielding a +0 glaive and wearing a +0 plate armour (100% to hit)
The sticky flame hits the orc warrior but does no damage.
The orc warrior is covered in liquid flames!
The orc warrior burns!
The orc warrior hits you with a +0 glaive!
* * * LOW HITPOINT WARNING * * *
The orc barely misses you.
You riposte.
You barely miss the orc. The orc closely misses you.
It was a potion of ambrosia.
You are confused.
You feel invigorated.
The orc warrior burns!
The orc warrior hits you with a +0 glaive.
You die...
Your body crumbles into a pile of gold.

# #.....######...###### # #
####.........#......# # ###
#..#####.###.###.##########
).# #..# #.##
##.##.##.....(.. ..# #..#
##.###.###.##.####### ..##
#..# ##.#.## #[##.##.....
...####..#####...##
#.##.##.####
...............#o#
#<......## #
...##..........o@#
####.#...###
#.###.#..######o##
#........ #.###.#..# #.####
#........ ......#..# #....#
#.#...... .........#
####.######.##.#.#.
#######.## #.#.............
# #.# #.#.####.##.#... #
#.# #.#.# #.##..... # #.###
#.#.####....#...


You could see an orc warrior (burning) and 2 orcs.

Vanquished Creatures
  A black bear (D:4)
  A phantom (D:4)
  A gnoll sergeant (D:4)
  2 hounds (D:4)
  An iguana (D:4)
  6 adders
  3 gnolls (D:4)
  An adder skeleton (D:4)
  2 worms
  2 dart slugs
  2 orcs
  8 ball pythons
  8 bats
  5 endoplasms
  2 giant cockroaches (D:4)
  7 hobgoblins
  6 frilled lizards
  7 kobolds
  6 rats
71 creatures vanquished.

Vanquished Creatures (collateral kills)
  5 foxfires (D:2)
5 creatures vanquished.

Vanquished Creatures (others)
  376 foxfires
  5 plants (D:2)
381 creatures vanquished.

Grand Total: 457 creatures vanquished

Notes
Turn   | Place    | Note
-------+----------+-------------------------------------------
     0 | D:1      | robertstho the Djinni Fire Elementalist began the quest for
                  | the Orb.
     0 | D:1      | Reached XP level 1. HP: 15/15 MP: 0/0
   441 | D:1      | Reached XP level 2. HP: 19/21 MP: 0/0
   912 | D:1      | Found a faded altar of an unknown god.
  1126 | D:1      | Reached skill level 3 in Spellcasting
  1126 | D:1      | Reached XP level 3. HP: 20/25 MP: 0/0
  1126 | D:1      | Learned a level 1 spell: Shock
  2112 | D:2      | Reached XP level 4. HP: 25/31 MP: 0/0
  3537 | D:3      | Found Noary's Assorted Antiques.
  3913 | D:4      | Reached XP level 5. HP: 23/35 MP: 0/0
  3913 | D:4      | Learned a level 2 spell: Poisonous Vapours
  4446 | D:4      | Found a staircase to the Ecumenical Temple.
  4513 | D:4      | Identified the ring "Joyss" {rC+ MP+9 Str-3 Int+7}
  4522 | Temple   | Entered the Ecumenical Temple
  4562 | Temple   | Became a worshipper of Gozag Ym Sagoz the Greedy
  4593 | D:4      | Reached skill level 4 in Spellcasting
  5025 | D:4      | Reached XP level 6. HP: 11/41 MP: 0/0
  5691 | D:4      | Reached XP level 7. HP: 37/46 MP: 0/0
  5691 | D:4      | Learned a level 3 spell: Spider Form
  5790 | D:4      | Reached skill level 5 in Spellcasting
  5873 | D:4      | Found a snail-covered altar of Cheibriados.
  5876 | D:4      | Found a hide-covered altar of Uskayaw.
  5876 | D:4      | Found a bloodstained altar of Trog.
  5884 | D:4      | Found an ornate altar of the Wu Jian Council.
  5887 | D:4      | Found a blossoming altar of Fedhas.
  5967 | D:5      | Entered Level 5 of the Dungeon
  5972 | D:4      | HP: 1/46 [orc warrior/+0 glaive (13)]
  5973 | D:4      | Slain by an orc warrior

Illustrated notes

Levels and vault maps discovered:
D:1:      wander_arrival_chamber, layout_loops_ring, basic_ecumenical_altar,
          serial_park_tiny_1, minmay_misc_feat_encased
D:2:      layout_basic, serial_bayou, serial_bayou_pond_c, serial_bayou_shore_a,
          serial_bayou_crossing, serial_bayou_pond_e, minmay_misc_feat_diagonals
D:3:      layout_basic, serial_shops, shop
D:4:      layout_loops_ring, minmay_overflow_temple_star_hex,
          minmay_temple_entry_glass, lightli_minifort
D:5:      cheibrodos_barr_body, layout_cave_pods, minivault_26
Temple:   minmay_temple_bridge_d

Skill      XL: |  1  2  3  4  5  6  7 |
---------------+----------------------+-----
Spellcasting   | 3 4 5 |  5.2
Stealth        | 2 3 |  3.0
Dodging        | 3 |  3.1
Fighting       | |  0.8

Action                   |  1- 3 |  4- 6 |  7- 9 || total
-------------------------+-------+-------+-------++-------
 Cast: Foxfire           |    85 |   140 |    13 ||   238
       Sticky Flame      |       |     1 |     1 ||     2
  Use: Scroll            |       |     4 |       ||     4
       Potion            |       |       |     3 ||     3
Armor: Robe              |     2 |     3 |       ||     5
Dodge: Dodged            |    14 |    16 |     8 ||    38
       Rpst.: Long sword |       |     1 |     2 ||     3

Table legend: (Time is in decaauts)
 A = Elapsed time spent in this place.
 B = Non-inter-level travel time spent in this place.
 C = Inter-level travel time spent in this place.
 D = Time resting spent in this place.
 E = Time spent auto-exploring this place.
 F = Levels seen in this place.
 G = Mean time per level.
                   A        B        C        D        E       F      G
               +--------+--------+--------+--------+--------+-----+--------+
         Total |   5972 |   5755 |    217 |    286 |   4832 |   6 |  995.3 |
       Dungeon |   5912 |   5715 |    197 |    286 |   4803 |   5 | 1182.4 |
        Temple |     60 |     40 |     20 |      0 |     29 |   1 |   60.0 |
               +--------+--------+--------+--------+--------+-----+--------+

Top non-repeatable levels by time:
     D:4: 1899 daAuts
     D:1: 1480 daAuts
     D:2: 1403 daAuts
     D:3: 1127 daAuts
  Temple: 60 daAuts
     D:5: 1 daAuts
